Map: [ESL] Alcyone

Players

trigger

  • Race: Protoss Protoss
  • Spawn Location: 7:00

Astrea - Winner!

  • Race: Protoss Protoss
  • Spawn Location: 1:00

Event: ESL SC2 Masters 2024 Spring (Regional)

VOD

Have the link to the VOD?

Description

Time

  • Played on: May 5, 2024, 1:34 p.m.
  • Length: 11:17

All games in this series

Show
View Real Time Build Order
Export as new Build Order

trigger Protoss 

Build Orders: Oracle Opening 

Get SALT Encoding   

  12  0:00  Probe  
  13  0:12  Probe  
  14  0:16  Pylon  
  14  0:24  Probe (Chrono Boost)  
  16  0:36  Probe (Chrono Boost), Gateway  
  16  0:43  Probe (Chrono Boost)  
  16  0:45  Assimilator  
  17  0:50  Probe  
  17  0:53  Assimilator  
  18  1:03  Probe (Chrono Boost)  
  19  1:11  Gateway  
  19  1:13  Probe (Chrono Boost)  
  19  1:18  Probe (Chrono Boost)  
  20  1:24  Cybernetics Core  
  21  1:29  Probe  
  22  1:39  Pylon  
  22  1:41  Probe  
  23  2:00  Stargate  
  23  2:01  Adept x2  
  23  2:05  Warp Gate  
  27  2:09  Probe  
  27  2:14  Pylon  
  28  2:24  Probe  
  29  2:38  Probe  
  29  2:40  Oracle (Chrono Boost)  
  33  2:48  Stalker  
  35  2:51  Stalker  
  35  3:15  Shield Battery  
  35  3:17  Nexus  
  35  3:21  Probe  
  36  3:31  Pylon  
  33  3:38  Twilight Council, Probe  
  36  3:50  Probe  
  37  3:59  Stalker  
  35  4:05  Probe  
  35  4:08  Stalker  
  36  4:14  Blink (Chrono Boost)  
  34  4:18  Shield Battery  
  34  4:20  Stalker  
  36  4:28  Probe  
  35  4:35  Stalker  
  35  4:40  Probe  
  35  4:42  Stalker  
  37  4:50  Probe  
  37  4:52  Probe  
  39  5:00  Stalker  
  39  5:02  Probe  
  43  5:07  Stalker  
  46  5:16  Nexus  
  46  5:17  Probe  
  46  5:20  Probe  
  46  5:29  Probe  
  46  5:30  Adept  
  46  5:31  Adept  
  46  5:32  Probe  
  52  5:42  Probe  
  53  5:43  Pylon  
  53  5:47  Probe  
  54  5:50  Gateway  
  54  5:55  Gateway  
  54  5:57  Pylon  
  54  6:01  Probe  
  54  6:02  Stalker  
  57  6:05  Probe  
  57  6:10  Stalker  
  56  6:12  Assimilator  
  56  6:13  Probe  
  56  6:16  Shield Battery  
  56  6:18  Probe (Chrono Boost)  
  58  6:25  Probe (Chrono Boost)  
  59  6:27  Stalker  
  59  6:28  Forge  
  59  6:29  Probe (Chrono Boost)  
  59  6:30  Probe (Chrono Boost)  
  63  6:34  Stalker  
  63  6:36  Probe (Chrono Boost)  
  63  6:38  Probe x2 (Chrono Boost)  
  68  6:41  Probe (Chrono Boost)  
  68  6:43  Probe (Chrono Boost)  
  68  6:47  Forge  
  65  6:55  Stalker x2  
  65  6:56  Probe (Chrono Boost)  
  65  6:58  Protoss Ground Weapons Level 1 (Chrono Boost)  
  72  7:02  Probe (Chrono Boost)  
  72  7:05  Probe x2 (Chrono Boost)  
  74  7:09  Probe (Chrono Boost)  
  74  7:10  Pylon, Stalker, Probe (Chrono Boost)  
  78  7:17  Assimilator, Stalker  
  78  7:18  Stalker, Protoss Ground Armor Level 1 (Chrono Boost)  
  78  7:20  Stalker  
  83  7:27  Robotics Facility  
  83  7:30  Probe  
  83  7:31  Probe  
  83  7:33  Pylon  
  83  7:34  Stalker  
  87  7:42  Stalker x2  
  91  7:45  Pylon  
  91  7:47  Stalker  
  93  7:52  Assimilator, Probe x3  
  93  7:57  Stalker  
  93  7:58  Pylon  
  98  8:04  Gateway  
  98  8:05  Gateway  
  98  8:06  Stalker  
  98  8:07  Stalker  
  102  8:13  Observer (Chrono Boost)  
  102  8:15  Shield Battery  
  102  8:17  Stalker  
  102  8:19  Assimilator  
  105  8:20  Stalker  
  105  8:23  Pylon  
  105  8:26  Pylon  
  107  8:29  Stalker  
  109  8:37  Stalker  
  111  8:44  Pylon, Observer  
  111  8:46  Stalker x2  
  116  8:51  Pylon  
  116  8:53  Stalker  
  118  8:56  Protoss Ground Weapons Level 2 (Chrono Boost)  
  118  8:57  Pylon  
  118  9:01  Stalker x3  
  124  9:15  Stalker  
  126  9:19  Stalker  
  128  9:24  Pylon  
  128  9:27  Stalker x3, Nexus  
  134  9:32  Stalker  
  134  9:36  Shield Battery  
  135  9:43  Gateway x2  
  135  9:45  Shield Battery  
  135  9:51  Sentry x3  
  141  9:55  Shield Battery  
  141  10:00  Observer, Stalker x2  
  141  10:04  Stalker  
  147  10:14  Stalker x3  
  153  10:24  Stalker x2  
  157  10:28  Stalker  
  157  10:31  Shield Battery  
  157  10:32  Photon Cannon  
  157  10:33  Pylon  
  157  10:35  Observer (Chrono Boost)  
  147  10:44  Stalker x3  
Show
View Real Time Build Order
Export as new Build Order

Astrea Protoss - Winner!

Build Orders:  

Get SALT Encoding   

  12  0:00  Probe  
  13  0:12  Probe  
  14  0:16  Pylon  
  14  0:24  Probe (Chrono Boost)  
  16  0:35  Gateway  
  16  0:36  Probe (Chrono Boost)  
  16  0:43  Probe (Chrono Boost)  
  16  0:45  Assimilator  
  17  0:51  Probe  
  17  0:52  Assimilator  
  18  1:03  Probe (Chrono Boost)  
  19  1:05  Gateway  
  20  1:12  Probe (Chrono Boost)  
  20  1:17  Probe (Chrono Boost)  
  20  1:22  Cybernetics Core  
  21  1:29  Probe  
  21  1:32  Pylon  
  22  1:41  Probe  
  23  1:53  Probe  
  24  1:58  Warp Gate  
  24  1:59  Stalker x2  
  28  2:23  Pylon  
  28  2:29  Stalker  
  30  2:40  Stalker  
  32  2:59  Stalker (Chrono Boost)  
  34  3:10  Nexus  
  34  3:12  Probe  
  37  3:20  Twilight Council  
  37  3:24  Probe  
  37  3:36  Probe  
  36  3:43  Gateway  
  36  3:49  Probe  
  36  3:50  Pylon  
  37  4:01  Probe  
  37  4:02  Blink (Chrono Boost)  
  36  4:13  Probe  
  36  4:14  Stalker x2  
  41  4:23  Robotics Facility  
  39  4:25  Probe  
  39  4:28  Probe  
  41  4:37  Probe  
  42  4:40  Probe (Chrono Boost)  
  42  4:45  Stalker x2  
  49  4:53  Probe x2 (Chrono Boost)  
  50  5:00  Probe x2 (Chrono Boost)  
  50  5:07  Probe  
  51  5:08  Probe  
  51  5:10  Observer  
  54  5:17  Nexus  
  54  5:19  Probe  
  55  5:22  Probe  
  55  5:24  Pylon  
  56  5:28  Observer  
  56  5:31  Probe  
  58  5:36  Probe  
  58  5:38  Pylon  
  58  5:39  Forge  
  59  5:45  Probe  
  59  5:48  Probe  
  61  5:52  Stalker x3  
  67  5:58  Probe  
  67  6:00  Probe  
  67  6:01  Pylon  
  69  6:10  Probe  
  70  6:12  Probe  
  70  6:13  Protoss Ground Weapons Level 1 (Chrono Boost)  
  71  6:22  Probe  
  71  6:23  Charge  
  71  6:24  Probe  
  73  6:26  Observer  
  73  6:34  Probe, Nexus  
  73  6:35  Probe  
  73  6:37  Forge  
  75  6:40  Observer, Gateway  
  75  6:41  Gateway  
  75  6:42  Probe  
  76  6:50  Probe  
  76  6:54  Probe  
  74  6:56  Probe  
  74  6:59  Gateway x2  
  75  7:01  Pylon  
  75  7:02  Probe  
  75  7:05  Sentry  
  75  7:07  Shield Battery, Probe  
  75  7:08  Protoss Ground Armor Level 1 (Chrono Boost), Probe  
  80  7:13  Gateway  
  80  7:17  Gateway  
  80  7:18  Probe  
  80  7:19  Observer, Probe  
  83  7:24  Probe  
  84  7:30  Probe  
  84  7:31  Zealot  
  84  7:32  Zealot x2  
  84  7:33  Gateway  
  84  7:35  Gateway  
  91  7:37  Probe  
  91  7:42  Dark Shrine  
  91  7:43  Probe  
  93  7:45  Assimilator x2  
  93  7:47  Pylon, Probe  
  93  7:49  Pylon  
  93  7:51  Zealot x2  
  98  7:52  Probe  
  98  7:54  Protoss Ground Weapons Level 2 (Chrono Boost)  
  98  7:55  Pylon  
  98  7:57  Probe x2  
  101  8:01  Zealot x2  
  105  8:08  Zealot x2  
  105  8:10  Observer  
  109  8:12  Pylon  
  109  8:16  Zealot x2  
  109  8:17  Zealot  
  115  8:20  Warp Prism (Chrono Boost)  
  115  8:25  Zealot  
  115  8:26  Zealot  
  121  8:34  Pylon  
  120  8:43  Protoss Ground Armor Level 2 (Chrono Boost)  
  120  8:47  Zealot x10  
  140  8:54  Shadow Stride (Chrono Boost)  
  140  9:01  Pylon, Photon Cannon  
  139  9:10  Zealot x7  
  153  9:21  Nexus  
  153  9:29  Zealot x4  
  159  9:31  Pylon  
  159  9:32  Pylon  
  159  9:41  Dark Templar  
  159  9:42  Dark Templar x4  
  159  9:43  Dark Templar  
  171  9:48  Pylon  
  171  9:52  Dark Templar x3  
  175  9:57  Photon Cannon  
  177  10:00  Shield Battery  
  177  10:03  Pylon  
  175  10:16  Zealot x7  
  187  10:26  Zealot x4  
  193  10:38  Zealot x3  
  199  10:47  Zealot x5  
  199  10:53  Zealot  
  199  10:54  Zealot x2  
  157  11:12  Zealot x8  
Tags
 
Add a new tag
Caveats
  • Supply blocks, unpowered buildings, or Contaminate may cause inaccurate times.
  • Supply counts are checked every 10 seconds.